 Dungeon Sprint DCSS version 0.31.0-9-g3a7656b989 (webtiles) character file.

Game seed: 896859796648671135

1225 Heoruswealwe the Impaler (level 8, 0/82 HPs)
             Began as a Minotaur Fighter on Feb 2, 2024.
             Was an Initiate of Gozag.
             Slain by a shadow (16 damage)
             ... in the Dungeon (Sprint IX: "|||||||||||||||||||||||||||||").
             The game lasted 00:03:09 (190 turns).

Heoruswealwe the Impaler (Minotaur Fighter)          Turns: 190, Time: 00:03:10

Health: 0/82       AC: 18    Str: 23    XL:     8   Next: 23%
Magic:  7/7        EV:  9    Int:  5    God:    Gozag
Gold:   0          SH:  0    Dex: 10    Spells: 7/7 levels left

rFire   . . .        b - +2 halberd (venom)
rCold   . . .        (shield currently unavailable)
rNeg    . . .        c - +1 chain mail
rPois   .            (helmet restricted)
rElec   .            (no cloak)
rCorr   .            f - +0 pair of gloves
SInv    .            (no boots)
Will    .....        (no amulet) Stlth
                     k - +2 ring of protection
HPRegen 0.33/turn    j - +2 ring of protection
MPRegen 0.10/turn

%: no teleportation
@: gold aura, slowed, very slow
A: horns 2, retaliatory headbutt
a: Renounce Religion, Potion Petition, Call Merchant, Bribe Branch


You were in the Dungeon.
You worshipped Gozag.
Gozag was noncommittal.
You visited 1 branch

Inventory:

Hand Weapons
 a - a +0 trident
 b - a +2 halberd of venom (weapon)
 A - the +7 staff of the Meek {protect, meekguard}
   (You found it in the Dungeon)
Armour
 c - a +1 chain mail (worn)
 d - a +0 buckler
 f - a +0 pair of gloves (worn)
Jewellery
 j - a +2 ring of protection (right hand)
 k - a +2 ring of protection (left hand)
Wands
 l - a wand of light (10)
Scrolls
 n - 2 scrolls of blinking
Potions
 e - 4 potions of curing
 g - a potion of haste
 i - a potion of berserk rage
 m - a potion of might


   Skills:
 + Level 11.5 Fighting
 * Level 15.3 Polearms
 + Level 11.5 Armour
 - Level 3.6 Shields


You had 7 spell levels left.
You didn't know any spells.
Your spell library was empty.

Dungeon Overview and Level Annotations

Branches:
Dungeon (1/1)

Altars:
Cheibriados
Dithmenos
Elyvilon
Fedhas
Gozag
Hepliaklqana
Kikubaaqudgha
Makhleb
Nemelex Xobeh
Okawaru
Qazlal
Ru
Sif Muna
Trog
Uskayaw
Vehumet
Wu Jian
Xom
Yredelemnul
Zin
The Shining One
Jiyva
Lugonu


Innate Abilities, Weirdness & Mutations

You have a pair of horns on your head.
You reflexively headbutt those who attack you in melee.


Message History

The two-headed ogre hits you with a +0 giant spiked club!
You hit the two-headed ogre.
The two-headed ogre looks as sick as possible!
The two-headed ogre is heavily wounded.
A shadow appears from thin air!
Reactivating autopickup.
The two-headed ogre hits you with a +0 dire flail!
The two-headed ogre hits you with a +0 giant spiked club!
* * * LOW HITPOINT WARNING * * *
You feel much better. The two-headed ogre closely misses you.
The two-headed ogre hits you with a +0 giant spiked club.
You barely miss the two-headed ogre.
The two-headed ogre is heavily wounded.
The two-headed ogre hits you with a +0 dire flail.
The two-headed ogre hits you with a +0 giant spiked club!
You barely miss the two-headed ogre. You headbutt the two-headed ogre!
The two-headed ogre is severely wounded.
The two-headed ogre hits you with a +0 dire flail!
* * * LOW HITPOINT WARNING * * *
The two-headed ogre hits you with a +0 giant spiked club!
* * * LOW HITPOINT WARNING * * *
You feel much better.
The two-headed ogre hits you with a +0 dire flail!
* * * LOW HITPOINT WARNING * * *
The two-headed ogre hits you with a +0 giant spiked club!
* * * LOW HITPOINT WARNING * * *
You impale the two-headed ogre!!
You kill the two-headed ogre!
The shadow slips into darkness.
The shadow flickers and vanishes!
Deactivating autopickup; reactivate with Ctrl-A.
Your Fighting skill increases to level 11!
Your Polearms skill gained 2 levels and is now at level 15!
Your Armour skill increases to level 11!
You have reached level 8!
You feel stronger.
You feel better.
The shadow strikes at you from the darkness!
You die...
Your body crumbles into a pile of gold.

▓.▓
▓.▓
▓.▓
▓.▓
▓.▓
▓y▓
▓$▓
▓@▓
▓.▓
▓.▓
▓.▓
▓[▓
▓[▓
▓)▓
▓?▓
▓!▓


You could see a killer bee.

Vanquished Creatures
  A two-headed ogre (D)
  A troll (D)
  A wraith (D)
  A wyvern (D)
  A scorpion (D)
  A hound (D)
  2 iguanas (D)
  A ball python (D)
  A giant cockroach (D)
  A jackal (D)
  2 quokkas (D)
  A kobold (D)
14 creatures vanquished.

Notes
Turn   | Place    | Note
-------+----------+-------------------------------------------
     0 | D        | Heoruswealwe the Minotaur Fighter began the quest for the
                  | Orb.
     0 | D        | Reached XP level 1. HP: 19/19 MP: 0/0
     9 | D        | Reached skill level 3 in Polearms
    56 | D        | Noticed an iguana
    56 | D        | Noticed a scorpion
    56 | D        | Noticed an iguana
    56 | D        | Noticed a hound
    62 | D        | Killed a hound
    63 | D        | Reached skill level 5 in Fighting
    63 | D        | Reached skill level 5 in Polearms
    63 | D        | Reached skill level 5 in Armour
    63 | D        | Reached XP level 2. HP: 27/29 MP: 1/1
    63 | D        | Reached XP level 3. HP: 34/36 MP: 2/2
    70 | D        | Reached skill level 6 in Polearms
    71 | D        | Killed a scorpion
    72 | D        | Reached skill level 8 in Polearms
    72 | D        | Reached XP level 4. HP: 28/45 MP: 3/3
    77 | D        | Reached skill level 9 in Polearms
    77 | D        | Reached XP level 5. HP: 33/52 MP: 4/4
    84 | D        | Found a snail-covered altar of Cheibriados.
    84 | D        | Found a shadowy altar of Dithmenos.
    84 | D        | Found a white marble altar of Elyvilon.
    84 | D        | Found a blossoming altar of Fedhas.
    84 | D        | Found an opulent altar of Gozag.
    85 | D        | Found a hazy altar of Hepliaklqana.
    86 | D        | Found a viscous altar of Jiyva.
    87 | D        | Found an ancient bone altar of Kikubaaqudgha.
    88 | D        | Found a corrupted altar of Lugonu.
    89 | D        | Found a burning altar of Makhleb.
    90 | D        | Found a sparkling altar of Nemelex Xobeh.
    91 | D        | Found an iron altar of Okawaru.
    92 | D        | Became a worshipper of Gozag Ym Sagoz the Greedy
    93 | D        | Found a stormy altar of Qazlal.
    94 | D        | Found a sacrificial altar of Ru.
    95 | D        | Found a shimmering blue altar of Sif Muna.
    96 | D        | Found a bloodstained altar of Trog.
    97 | D        | Found a hide-covered altar of Uskayaw.
    98 | D        | Found a radiant altar of Vehumet.
    99 | D        | Found an ornate altar of the Wu Jian Council.
   100 | D        | Found a shimmering altar of Xom.
   101 | D        | Found a basalt altar of Yredelemnul.
   102 | D        | Found a glowing silver altar of Zin.
   103 | D        | Found a glowing golden altar of the Shining One.
   111 | D        | Found the +7 staff of the Meek {protect, meekguard}
   162 | D        | Noticed a two-headed ogre
   162 | D        | Noticed a shadow
   162 | D        | Noticed a wraith
   162 | D        | Noticed a wyvern
   162 | D        | Noticed a troll
   169 | D        | Killed a troll
   170 | D        | Reached skill level 11 in Polearms
   170 | D        | Reached XP level 6. HP: 48/62 MP: 5/5
   172 | D        | Killed a wyvern
   173 | D        | Reached skill level 12 in Polearms
   180 | D        | Killed a wraith
   181 | D        | Reached skill level 10 in Fighting
   181 | D        | Reached skill level 13 in Polearms
   181 | D        | Reached skill level 10 in Armour
   181 | D        | Reached XP level 7. HP: 16/72 MP: 6/6
   189 | D        | Killed a two-headed ogre
   190 | D        | Reached skill level 15 in Polearms
   190 | D        | Reached XP level 8. HP: 5/82 MP: 7/7
   190 | D        | Slain by a shadow

Illustrated notes

Levels and vault maps discovered:
D:        linesprint [early_d, line_temple, items_1, d_10, items_2, lair_1,
          lair_end, items_3, orc_1, orc_end, items_4, d_15, swamp_1, shoals_1,
          snake_1, spider_1, d_20, vaults_1, items_5, swamp_end, shoals_end,
          snake_end, spider_end, vaults_end, d_27, items_6, zot_1, zot_end,
          crypt_end, forest_end, elf_end, slime_end, tomb_end, abyss_end,
          pan_hell_end]

Skill      XL: |  1  2  3  4  5  6  7 |
---------------+----------------------+-----
Polearms       | 5 8 9 11 13 15 | 15.3
Fighting       | 5 6 7 8 10 11 | 11.5
Armour         | 5 6 7 9 10 11 | 11.5
Shields        | |  3.6

Action                     |  1- 3 |  4- 6 |  7- 9 || total
---------------------------+-------+-------+-------++-------
  Melee: Trident           |    31 |     6 |       ||    37
         Headbutt          |     4 |     8 |     1 ||    13
         Halberd           |       |    18 |     6 ||    24
    Use: Potion            |       |       |     4 ||     4
 Armour: Scale mail        |    18 |     2 |       ||    20
         Chain mail        |       |    23 |    13 ||    36
  Dodge: Dodged            |     8 |     8 |     2 ||    18
  Block: Buckler           |     9 |     1 |       ||    10
